 Dungeon Crawl Stone Soup version 0.18.1-8-gdd0e5ea (webtiles) character file.

183255 rockintein the Executioner (level 17, -2/162 HPs)
             Began as a Minotaur Berserker on June 11, 2016.
             Was a High Priest of Trog.
             Slain by a greater naga
             ... wielding a +0 spear
              (5 damage)
             ... on level 4 of the Snake Pit.
             The game lasted 01:04:16 (34039 turns).

rockintein the Executioner (Minotaur Berserker)    Turns: 34039, Time: 01:04:16

Health: -2/162     AC: 31    Str: 29    XL:     17   Next: 73%
Magic:  5/16       EV:  5    Int:  4    God:    Trog [*****.]
Gold:   2102       SH: 16    Dex: 10    Spells: 0 memorised, 16 levels left

rFire  . . .     SeeInvis +     G - 6 potions of heal wounds
rCold  + . .     Gourm    +     B - +1 plate armour
rNeg   . . .     Faith    .     x - +3 shield {rC+}
rPois  +         Spirit   .     (helmet restricted)
rElec  .         Dismiss  .     M - +2 cloak of the Thief {+Fog Slay-2 SInv Stlth+}
rCorr  .         Reflect  .     i - +1 pair of gloves {archery}
SustAt .         Harm     .     k - +0 pair of boots
MR     +++..                    n - amulet of the gourmand
Stlth  ..........               C - ring of poison resistance
                                A - +6 ring of slaying

@: lethally poisoned (-2 -> -2), regenerating, slowed, constricted, very slow,
extremely resistant to hostile enchantments, extremely unstealthy
A: retaliatory headbutt, horns 2, iridescent scales 1, thin skeletal structure
1, clumsy 1
a: Berserk, Trog's Hand, Brothers in Arms, Burn Spellbooks, Renounce Religion,
Evoke Fog


You were on level 4 of the Snake Pit.
You worshipped Trog.
Trog was extremely pleased with you.
You were very full.

You visited 5 branches of the dungeon, and saw 30 of its levels.
You also visited: Bailey and Ice Cave.

You collected 3524 gold pieces.
You spent 1422 gold pieces at shops.

Inventory:

Hand Weapons
 p - the +3 executioner's axe "Firummughi" {flame, rPois Int+5 SInv}
   (Trog gifted it to you in a bailey)

   It has been specially enchanted to burn those struck by it, causing extra
   injury to most foes and up to half again as much damage against particularly
   susceptible opponents.
   Big, fiery blades are also staple armaments of hydra-hunters.
   It affects your intelligence (+5).
   It protects you from poison.
   It lets you see invisible.
 y - a +6 broad axe of chopping
 F - the +10 war axe of the Warrior-Mage {drain, rElec rF+ MR-}
   (You found it on level 12 of the Dungeon)

   A truly terrible weapon, it drains the life of those it strikes.
   It protects you from fire.
   It insulates you from electricity.
   It affects your resistance to hostile enchantments.
 L - the +14 obsidian axe {chop, +Fly Str+3 SInv *Curse}
   (Trog gifted it to you on level 5 of the Lair of Beasts)

   It inflicts extra damage upon your enemies.
   It affects your strength (+3).
   It lets you see invisible.
   It lets you fly.
   It may re-curse itself when equipped.
Missiles
 s - 70 tomahawks of returning (quivered)
Armour
 g - a +2 pair of boots
 i - a +1 pair of gloves of archery (worn)
 k - a +0 pair of boots (worn)
 x - a +3 shield of cold resistance (worn)
 B - a +1 plate armour (worn)
 M - the +2 cloak of the Thief (worn) {+Fog Slay-2 SInv Stlth+}
   (You found it on level 8 of the Lair of Beasts)

   It affects your accuracy and damage with ranged weapons and melee attacks
   (-2).
   It lets you see invisible.
   It can be evoked to emit clouds of fog.
   It makes you more stealthy.
Jewellery
 d - an uncursed ring of magical power
 n - an amulet of the gourmand (around neck)
 u - an uncursed ring of protection from cold
 A - a +6 ring of slaying (left hand)
 C - a ring of poison resistance (right hand)
 D - an uncursed ring of protection from magic
 E - an uncursed ring of positive energy
 J - an uncursed ring of protection from fire
 O - an uncursed ring of protection from magic
 P - an uncursed amulet of regeneration
Wands
 o - a wand of teleportation (4/9)
 w - a wand of disintegration (18/24)
 T - a wand of iceblast (7/15)
Scrolls
 e - 14 scrolls of remove curse
 h - 9 scrolls of identify
 l - 2 scrolls of fear
 z - 8 scrolls of fog
 H - 4 scrolls of magic mapping
 I - 5 scrolls of teleportation
 Q - a scroll of enchant armour
 R - a scroll of random uselessness
 S - a scroll of blinking
 U - a scroll of holy word
Potions
 a - 2 potions of berserk rage
 f - 3 potions of flight
 j - a potion of haste
 m - 2 potions of cancellation
 q - 11 potions of curing
 r - 3 potions of magic
 t - 6 potions of might
 v - 3 potions of resistance
 G - 6 potions of heal wounds (in hand)
 N - a potion of cure mutation {unknown}
 V - a potion of brilliance
Comestibles
 b - 4 meat rations
 c - 8 bread rations
 K - a slice of pizza


   Skills:
 + Level 17.5 Fighting
 * Level 22.7 Axes
 + Level 17.3 Armour
 - Level 2.1 Dodging
 + Level 11.2 Shields


You had 16 spell levels left.
You didn't know any spells.

Dungeon Overview and Level Annotations

Branches:
Dungeon (15/15)            Temple (1/1) D:4            Lair (8/8) D:10
 Shoals (0/4) Lair:4        Snake (4/4) Lair:5        Slime (0/6) Lair:8
    Orc (2/2) D:9             Elf (0/3) Orc:2        Vaults (0/5) D:13
 Depths (0/5) D:15

Altars:
Ashenzari
Dithmenos
Elyvilon
Gozag
Makhleb
Nemelex Xobeh
Okawaru
Qazlal
Ru
Vehumet
Xom
Zin
Jiyva

Shops:
Orc:2 [}:%   Snake:1 ?   Snake:3 ?


Innate Abilities, Weirdness & Mutations

You reflexively headbutt those who attack you in melee.
You have a pair of horns on your head.
You are partially covered in iridescent scales (AC +4).
You have a somewhat thin skeletal structure (Dex +2, Stealth).
You are clumsy. (Dex -2)


Message History

You feel your power leaking away.
The naga warrior hits you but does no damage.
You block the naga's attack. The naga warrior spits poison at you.
The splash of poison hits you!
You are poisoned.
You resist.
The greater naga hits you but does no damage.
* * * LOW HITPOINT WARNING * * *
The greater naga constricts you.
The mana viper bites you but does no damage.
Wield which item (- for none, * to show all)? (? for menu, Esc to quit)
G - 6 potions of heal wounds (in hand)
You feel sick.
The greater naga points at you and mumbles some strange words.
The poison arrow hits you!
You are more poisoned.
You partially resist.
* * * LOW HITPOINT WARNING * * *
You die...

. . ## ... #.. ..
#. ..# ...
...#..####.##....
....#.........#
#....#.##..#
#..<......#
#.....NN#.#
#....SN@N.#
#....NS##....#
#....)SNN.##.#
#.......N.....
#.............
#.#####.....#. #.
(#.#... # .#.##..
.... ..


You could see 2 naga warriors, a greater naga, a mana viper, 2 guardian serpents
and 2 nagas.

Vanquished Creatures
  Vashnia (Snake:3)
  Rupert (Lair:5)
  2 greater nagas (Snake:2)
  A frost giant (IceCv)
  A dire elephant (Lair:8)
  The ghost of nikopol the Spear-Bearer, a journeyman MiBe of Trog (Lair:3)
  The ghost of simples the Severer, a journeyman MiBe of Trog (D:13)
  The ghost of IjonTichy1 the Envoy of Void, a journeyman FoAK of Lugonu (D:11)
  4 vault guards (D:13)
  Snorg (Lair:3)
  6 hydras
  4 naga warriors
  7 anacondas
  A death knight (D:15)
  4 centaur warriors
  A catoblepas (Lair:8)
  Erica (D:9)
  A deep troll shaman (Lair:8)
  9 death yaks
  3 orc high priests (Orc:2)
  3 shock serpents
  6 naga sharpshooters
  A salamander mystic (Snake:3)
  4 skeletal warriors (D:13)
  4 unseen horrors
  A naga ritualist (Snake:1)
  An orange crystal statue (D:14)
  Pikel (D:8)
  5 hill giants
  5 orc knights
  An oklob plant (Lair:7)
  3 mana vipers
  16 ugly things
  2 griffons
  5 cyclopes
  5 orc sorcerers
  7 salamanders
  A manticore (D:14)
  27 black mambas
  Psyche (D:9)
  2 gargoyles
  20 spiny frogs
  Joseph (D:9)
  14 elephants
  An ice statue (IceCv)
  3 centaur skeletons
  5 naga magi
  11 komodo dragons
  2 kobold demonologists (D:14)
  6 rime drakes
  2 efreet
  A komodo dragon (shapeshifter) (D:15)
  5 trolls
  A queen bee (D:9)
  15 polar bears
  A two-headed ogre (D:13)
  28 blink frogs
  22 slime creatures
  A slime creature (shapeshifter) (D:15)
  5 water elementals (D:13)
  33 yaks
  2 shadows
  A spriggan (Lair:4)
  4 wyverns
  5 wraiths
  The ghost of Freeplumber the Skirmisher, an amateur FoAK of Lugonu (D:4)
  3 vampire mosquitoes (D:11)
  A basilisk (D:15)
  2 hungry ghosts
  14 hippogriffs
  A redback simulacrum (D:15)
  3 steam dragons
  Edmund (D:4)
  2 mottled dragons (Lair:8)
  29 nagas
  3 insubstantial wisps (D:11)
  8 porcupines
  14 water moccasins
  4 ice beasts
  A black bear (Lair:4)
  4 phantoms
  3 sky beasts
  17 orc warriors
  3 slaves (D:8)
  3 eyes of draining
  A necrophage (D:12)
  7 ogres
  A wasp (Lair:4)
  31 wolves
  6 centaurs
  16 crocodiles
  3 big kobolds
  25 giant frogs
  A giant frog (shapeshifter) (D:15)
  A gnoll sergeant (D:8)
  4 scorpions
  A killer bee (shapeshifter) (D:15)
  The ghost of junkhipster the Cudgeler, a weakling DsGl (D:6)
  3 electric eels (D:13)
  29 killer bees
  12 wights
  2 howler monkeys
  A giant frog zombie (D:8)
  7 crimson imps
  2 centaur zombies
  3 quasits
  A wasp zombie (D:7)
  20 orc priests
  6 hounds
  6 jellies
  7 iguanas
  21 orc wizards
  6 hell rats (Lair:8)
  8 worker ants
  9 sheep
  A worker ant zombie (D:5)
  2 howler monkey skeletons
  17 gnolls
  13 adders
  35 river rats
  4 shadow imps
  An ooze (D:2)
  An adder skeleton (D:4)
  A worm (D:3)
  7 giant geckos
  59 orcs
  A ball python (D:4)
  8 giant cockroaches
  10 goblins
  18 hobgoblins
  12 jackals
  4 quokkas
  8 bats
  A giant gecko skeleton (D:5)
  A giant gecko zombie (D:6)
  11 giant newts
  28 kobolds
  A quokka zombie (D:6)
  7 rats
  A bush (D:11)
  7 fungi
  9 plants
967 creatures vanquished.

Vanquished Creatures (others)
  A centaur skeleton (D:8)
  9 fungi
  4 plants
14 creatures vanquished.

Grand Total: 981 creatures vanquished

Notes
Turn   | Place    | Note
--------------------------------------------------------------
     0 | D:1      | rockintein the Minotaur Berserker began the quest for the Orb.
     0 | D:1      | Reached XP level 1. HP: 19/19 MP: 0/0
    73 | D:1      | Reached XP level 2. HP: 22/27 MP: 1/1
   263 | D:1      | Reached skill level 4 in Axes
   729 | D:2      | Reached XP level 3. HP: 33/33 MP: 2/2
   933 | D:2      | Reached ** piety under Trog
  1283 | D:3      | Reached XP level 4. HP: 40/40 MP: 3/3
  1359 | D:3      | Found a shattered altar of Ashenzari.
  1418 | D:3      | Reached skill level 5 in Axes
  1564 | D:3      | Reached XP level 5. HP: 24/47 MP: 4/4
  1606 | D:3      | Gained mutation: You have a somewhat thin skeletal structure (Dex +2, Stealth). [potion of mutation]
  1606 | D:3      | Gained mutation: You are partially covered in iridescent scales (AC +4). [potion of mutation]
  1606 | D:3      | Gained mutation: You are clumsy. (Dex -2) [potion of mutation]
  2118 | D:4      | Noticed an ogre
  2127 | D:4      | Killed an ogre
  2127 | D:4      | Reached skill level 5 in Fighting
  2127 | D:4      | Reached skill level 6 in Axes
  2255 | D:4      | Reached *** piety under Trog
  2269 | D:4      | Reached XP level 6. HP: 55/56 MP: 5/5
  2549 | D:4      | Noticed Freeplumber's ghost (amateur FoAK)
  2557 | D:4      | Killed Freeplumber's ghost
  2557 | D:4      | Reached skill level 7 in Axes
  2557 | D:4      | Reached skill level 5 in Armour
  2557 | D:4      | Reached XP level 7. HP: 62/62 MP: 6/6
  2742 | D:4      | Noticed Edmund
  2760 | D:4      | Killed Edmund
  2782 | D:4      | Reached skill level 8 in Axes
  2832 | D:4      | Found a staircase to the Ecumenical Temple.
  3194 | D:5      | Entered Level 5 of the Dungeon
  3215 | D:5      | Reached **** piety under Trog
  3243 | D:5      | Reached XP level 8. HP: 71/71 MP: 7/7
  3469 | D:5      | Reached skill level 9 in Axes
  3471 | D:5      | Found an iron altar of Okawaru.
  4114 | D:6      | Reached skill level 10 in Axes
  4282 | D:6      | Reached XP level 9. HP: 70/81 MP: 8/8
  4435 | D:6      | Noticed junkhipster's ghost (weakling DsGl)
  4441 | D:6      | Killed junkhipster's ghost
  5185 | D:7      | Found an iron altar of Okawaru.
  5586 | D:7      | Noticed a troll
  5597 | D:7      | Killed a troll
  5597 | D:7      | Reached skill level 11 in Axes
  6115 | D:8      | Noticed Pikel
  6133 | D:8      | Killed Pikel
  6624 | D:9      | Reached skill level 12 in Axes
  6751 | D:9      | Found a staircase to the Orcish Mines.
  6863 | D:9      | Reached XP level 10. HP: 77/91 MP: 9/9
  7088 | D:9      | Noticed Psyche
  7112 | D:9      | Killed Psyche
  7112 | D:9      | Reached skill level 10 in Fighting
  7155 | D:9      | Reached skill level 13 in Axes
  7398 | D:9      | Noticed Erica
  7411 | D:9      | Killed Erica
  7519 | D:9      | Reached skill level 10 in Armour
  7564 | D:9      | Noticed Joseph
  7579 | D:9      | Killed Joseph
  7664 | D:9      | Reached ***** piety under Trog
  7827 | D:10     | Entered Level 10 of the Dungeon
  7844 | D:10     | Noticed a centaur warrior
  7866 | D:10     | Killed a centaur warrior
  8147 | D:10     | Reached skill level 14 in Axes
  8147 | D:10     | Reached XP level 11. HP: 101/101 MP: 10/10
  8381 | D:10     | Noticed a green ugly thing
  8387 | D:10     | Killed a green ugly thing
  8430 | D:10     | Found a staircase to the Lair.
  9413 | D:11     | Noticed a brown ugly thing
  9431 | D:11     | Killed a brown ugly thing
 10040 | D:11     | Noticed a centaur warrior
 10051 | D:11     | Killed a centaur warrior
 10051 | D:11     | Reached skill level 15 in Axes
 10445 | D:11     | Noticed a white ugly thing
 10457 | D:11     | HP: 4/154 [white ugly thing (29)]
 10460 | D:11     | Killed a white ugly thing
 10994 | D:11     | Noticed IjonTichy1's ghost (journeyman FoAK)
 11023 | D:11     | Killed IjonTichy1's ghost
 11049 | D:11     | Killed an unseen horror
 11942 | D:12     | Found a sparkling altar of Nemelex Xobeh.
 12620 | D:12     | Killed an unseen horror
 12630 | D:12     | Reached XP level 12. HP: 92/112 MP: 11/11
 12738 | D:12     | Reached skill level 16 in Axes
 12882 | D:12     | Got a steaming war axe
 14219 | Temple   | Entered the Ecumenical Temple
 14226 | Temple   | Identified the +10 war axe of the Warrior-Mage {drain, rElec rF+ MR-} (You found it on level 12 of the Dungeon)
 14433 | Lair:1   | Entered Level 1 of the Lair of Beasts
 14498 | Lair:1   | Identified Iliupr Etha's Handbook of Black Magic and Heat
 14543 | Lair:1   | Reached skill level 17 in Axes
 14743 | Lair:1   | Found a labyrinth entrance.
 15356 | Lair:2   | Received a gift from Trog
 15722 | Lair:2   | Reached XP level 13. HP: 88/122 MP: 12/12
 16241 | Lair:3   | Noticed Snorg
 16250 | Lair:3   | Killed Snorg
 16400 | Lair:3   | Received a gift from Trog
 16428 | Lair:3   | Found a frozen archway.
 16496 | IceCv    | Entered an ice cave
 16503 | IceCv    | Reached skill level 18 in Axes
 17251 | IceCv    | Noticed a frost giant
 17265 | IceCv    | Killed a frost giant
 17583 | Lair:3   | Noticed nikopol's ghost (journeyman MiBe)
 17600 | Lair:3   | Killed nikopol's ghost
 18570 | Lair:3   | Reached skill level 1 in Shields
 18800 | Lair:4   | Found a staircase to the Shoals.
 18923 | Lair:4   | Reached ****** piety under Trog
 18923 | Lair:4   | Reached skill level 19 in Axes
 19835 | Lair:5   | Received a gift from Trog
 19951 | Lair:5   | Noticed Rupert
 19962 | Lair:5   | Killed Rupert
 19962 | Lair:5   | Reached XP level 14. HP: 133/133 MP: 13/13
 20015 | Lair:5   | Found a staircase to the Snake Pit.
 20981 | Lair:6   | Identified the Incunabulum of Battle Magic
 21573 | Lair:7   | Reached skill level 15 in Fighting
 21840 | Lair:7   | Received a gift from Trog
 21840 | Lair:7   | Reached skill level 5 in Shields
 21988 | Lair:7   | Identified the Volume of Dark Secrets
 22435 | Lair:8   | Entered Level 8 of the Lair of Beasts
 22558 | Lair:8   | Found a staircase to the Slime Pits.
 22559 | Lair:8   | Found a viscous altar of Jiyva.
 22579 | Lair:8   | Reached skill level 15 in Armour
 22604 | Lair:8   | Reached skill level 20 in Axes
 23319 | Lair:8   | Reached XP level 15. HP: 143/143 MP: 14/14
 24673 | D:13     | Received a gift from Trog
 24762 | D:13     | Noticed simples's ghost (journeyman MiBe)
 24784 | D:13     | Killed simples's ghost
 25028 | D:13     | Found a gate to the Vaults.
 26262 | D:14     | Found a flagged portal.
 26283 | Bailey   | Entered a bailey
 26320 | Bailey   | Received a gift from Trog
 26324 | Bailey   | Got a brightly glowing executioner's axe {god gift}
 26632 | D:14     | Reached skill level 21 in Axes
 27348 | D:15     | Entered Level 15 of the Dungeon
 27638 | D:15     | Received a gift from Trog
 27673 | D:15     | Identified the +3 executioner's axe "Firummughi" {flame, rPois Int+5 SInv} (Trog gifted it to you in a bailey)
 28069 | D:15     | Found a staircase to the Depths.
 28083 | D:15     | Reached XP level 16. HP: 152/152 MP: 15/15
 28346 | Orc:1    | Entered Level 1 of the Orcish Mines
 28691 | Orc:2    | Entered Level 2 of the Orcish Mines
 28990 | Orc:2    | Found a shimmering altar of Xom.
 29031 | Orc:2    | Found Baclaz Nee's Food Emporium.
 29032 | Orc:2    | Paralysed by an orc sorcerer for 6 turns
 29038 | Orc:2    | Received a gift from Trog
 29068 | Orc:2    | Reached XP level 17. HP: 160/160 MP: 16/16
 29140 | Orc:2    | Found Rymurun's Antique Armour Shop.
 29143 | Orc:2    | Found Viahi's Book Emporium.
 29148 | Orc:2    | Found Nytuikage's Gadget Shop.
 29390 | Orc:2    | Found a staircase to the Elven Halls.
 29652 | Orc:1    | Paralysed by an orc sorcerer for 5 turns
 29918 | Snake:1  | Entered Level 1 of the Snake Pit
 29928 | Snake:1  | Found Zov Coi's Magic Scroll Emporium.
 29942 | Snake:1  | Bought a scroll of enchant weapon for 127 gold pieces
 29942 | Snake:1  | Bought a scroll of enchant weapon for 127 gold pieces
 29942 | Snake:1  | Bought a scroll of acquirement for 884 gold pieces
 30106 | Snake:1  | Received a gift from Trog
 30138 | Snake:1  | Reached skill level 10 in Shields
 31113 | Snake:1  | Reached skill level 22 in Axes
 32432 | Snake:3  | Noticed Vashnia
 32938 | Snake:3  | Killed Vashnia
 33028 | Snake:3  | Received a gift from Trog
 33163 | Snake:3  | Found Jeofiacu's Magic Scroll Shop.
 33293 | Snake:3  | Bought a scroll of enchant armour for 142 gold pieces
 33293 | Snake:3  | Bought a scroll of blinking for 142 gold pieces
 34017 | Snake:4  | Entered Level 4 of the Snake Pit
 34039 | Snake:4  | HP: 3/162 [greater naga/poison arrow (15)]
 34039 | Snake:4  | Slain by a greater naga

Skill      XL: |  1  2  3  4  5  6  7  8  9 10 11 12 13 14 15 16 17 |
---------------+----------------------------------------------------+-----
Axes           | 4 5 6 7 8 10 12 14 15 17 19 20 21 22 | 22.7
Armour         | 3 4 5 6 7 8 10 11 13 14 15 16 17 | 17.3
Fighting       | 4 5 6 7 9 10 12 13 14 15 16 17 | 17.5
Shields        | 3 6 9 11 | 11.2
Dodging        | |  2.1

Action                   |  1- 3 |  4- 6 |  7- 9 | 10-12 | 13-15 | 16-18 || total
-------------------------+-------+-------+-------+-------+-------+-------++-------
Melee: Hand axe          |    68 |   104 |   314 |   293 |       |       ||   779
       Headbutt          |    13 |    20 |    65 |   143 |   242 |    77 ||   560
       Broad axe         |       |       |       |   213 |    67 |       ||   280
       War axe           |       |       |       |   115 |  1007 |   428 ||  1550
Invok: Berserk           |       |     1 |     3 |     5 |    12 |     2 ||    23
       Trog's Hand       |       |       |     1 |     5 |     6 |     6 ||    18
Evoke: Wand              |       |       |       |     2 |     2 |       ||     4
  Use: Scroll            |       |     6 |    12 |    10 |    18 |     7 ||    53
       Potion            |       |     4 |     4 |       |     4 |     3 ||    15
  Eat: Chunk             |     1 |    15 |    18 |    38 |    58 |    21 ||   151
Armor: Animal skin       |    17 |       |       |       |       |       ||    17
       Ring mail         |       |    10 |       |       |       |       ||    10
       Scale mail        |       |    33 |    69 |       |       |       ||   102
       Plate armour      |       |       |    89 |   744 |   441 |   219 ||  1493
Dodge: Dodged            |    40 |    39 |   147 |   159 |   233 |    80 ||   698
Block: Shield            |       |       |       |       |   443 |   296 ||   739
